 Dungeon Crawl Stone Soup version 0.21.1-1-g345015fe64 (webtiles) character file.

5571 Draugr the Covered (level 10, 0/70 HPs)
             Began as a Demonspawn Enchanter on Mar 9, 2018.
             Was a Follower of Sif Muna.
             Slain by an ice devil (13 damage)
             ... on level 1 of the Lair of Beasts.
             The game lasted 00:38:31 (10820 turns).

Draugr the Covered (Demonspawn Enchanter)          Turns: 10820, Time: 00:38:32

Health: 0/70       AC: 17    Str: 14    XL:     10   Next: 44%
Magic:  17/17      EV: 12    Int: 18    God:    Sif Muna [*.....]
Gold:   444        SH:  5    Dex: 15    Spells: 13/19 levels left

rFire    . . .     SeeInvis +   y - +4 dagger (venom)
rCold    . . .     Gourm    .   k - +0 buckler
rNeg     . . .     Faith    .   q - +2 ring mail of Viepes {MR+ Str+3 SInv}
rPois    .         Spirit   .   (helmet restricted)
rElec    .         Reflect  .   g - +2 cloak
rCorr    .         Harm     .   H - +1 pair of gloves
MR       +....                  (no boots)
Stlth    +++.......             J - amulet of magic regeneration
HPRegen  0.21/turn              (no ring)
MPRegen  0.40/turn              (no ring)

@: no status effects
A: horns 2, thin metallic scales 2, demonic guardian 1, nightstalker 1, strong
1, wild magic 1
a: Divine Energy, Renounce Religion


You were on level 1 of the Lair of Beasts.
You worshipped Sif Muna.
Sif Muna was aware of your devotion.
You were very hungry.

You visited 3 branches of the dungeon, and saw 12 of its levels.

You collected 444 gold pieces.

Inventory:

Hand Weapons
 y - a +4 dagger of venom (weapon)
 E - a +2 dagger of draining
Armour
 g - a +2 cloak (worn)
 k - a +0 buckler (worn)
 q - the +2 ring mail of Viepes (worn) {MR+ Str+3 SInv}
   (You found it on level 4 of the Dungeon)

   It affects your strength (+3).
   It affects your resistance to hostile enchantments.
   It lets you see invisible.
 H - a +1 pair of gloves (worn)
Jewellery
 p - an uncursed amulet of regeneration
 J - an amulet of magic regeneration (around neck)
Wands
 l - a wand of scattershot (4)
 s - a wand of paralysis (14)
 x - a wand of enslavement (12)
 C - a wand of random effects (46)
 G - a wand of disintegration (23)
Scrolls
 a - a scroll of amnesia
 e - 3 scrolls of teleportation
 h - 2 scrolls of immolation
 j - 3 scrolls of remove curse
 n - a scroll of magic mapping
 r - a scroll of fear
 t - a scroll of fog
 A - a scroll of blinking
 K - a scroll of acquirement {unknown}
Potions
 b - a potion of berserk rage {unknown}
 f - 2 potions of curing
 i - a potion of agility
 o - 2 potions of cancellation
 u - a potion of degeneration {unknown}
 v - a potion of brilliance {unknown}
 z - a potion of haste
 B - a potion of resistance {unknown}
 D - 3 potions of heal wounds {unknown}
 F - a potion of lignification {unknown}
Books
 c - a book of Maledictions

   Spells                             Type                      Level
   a - Corona                         Hexes                        1
   b - Ensorcelled Hibernation        Hexes/Ice                    2
   c - Confuse                        Hexes                        3
   d - Tukima's Dance                 Hexes                        3
   e - Dazzling Spray                 Conjuration/Hexes            3
 m - a book of the Tempests

   Spells                             Type                      Level
   a - Static Discharge               Conjuration/Air              3
   b - Lightning Bolt                 Conjuration/Air              5
   c - Ignition                       Fire                         8
   d - Tornado                        Air                          9
   e - Shatter                        Earth                        9
Comestibles
 d - 12 rations


   Skills:
 - Level 3.1 Fighting
 - Level 5.2 Short Blades
 - Level 7.1 Armour
 - Level 3.0 Dodging
 + Level 4.4 Stealth
 - Level 5.5 Shields
 - Level 5.0 Spellcasting
 - Level 7.0 Hexes
 - Level 3.0 Ice Magic


You had 13 spell levels left.
You knew the following spells:

 Your Spells              Type           Power        Failure   Level  Hunger
a - Corona                Hex            #####..      2%          1    None
b - Ensorcelled Hibernat  Hex/Ice        ####..       8%          2    #......
c - Confuse               Hex            #####...     7%          3    ##.....


Dungeon Overview and Level Annotations

Branches:
Dungeon (8/15)             Temple (1/1) D:6            Lair (3/6) D:8
  Swamp: Lair:2-4    Shoals: Lair:2-4     Snake: Lair:2-4    Spider: Lair:2-4

Altars:
Ashenzari
Cheibriados
Dithmenos
Elyvilon
Fedhas
Gozag
Hepliaklqana
Kikubaaqudgha
Makhleb
Nemelex Xobeh
Okawaru
Qazlal
Ru
Sif Muna
Trog
Uskayaw
Vehumet
Wu Jian
Xom
Yredelemnul
Zin
The Shining One

Shops:
D:4 }

Annotations:
D:7 BrokenGlass's ghost, novice OpEE
Lair:1 Harold


Innate Abilities, Weirdness & Mutations

You have a pair of horns on your head.
You are mostly covered in thin metallic scales. (AC +3)
A weak demonic guardian rushes to your aid.
You are slightly more attuned to the shadows.
Your muscles are strong. (Str +2)
Your spells are a little harder to cast, but a little more powerful.


Message History

You headbutt the ice devil, but do no damage.
The ice devil is moderately wounded.
The ice devil looks more healthy.
Your quasit closely misses the ice devil.
Your quasit claws the ice devil but does no damage.
Your quasit barely misses the ice devil.
The ice devil hits you!
* * * LOW HITPOINT WARNING * * *
The ice devil freezes you!
* * * LOW HITPOINT WARNING * * *
You feel better.
Your quasit closely misses the ice devil.
Your quasit claws the ice devil but does no damage. x2
Your quasit bites the ice devil.
Your quasit claws the ice devil but does no damage.
Your quasit barely misses the ice devil.
The ice devil hits you.
* * * LOW HITPOINT WARNING * * *
The ice devil freezes you!
You die...

##.....# ######+.## ###..[.....
###..### #..# ###...#.# .##..###
##.# #.#..## .......## ###.#
##....)# ........# #.#.##
#####.+.@..# .......########....#
#(....#....#
.......###.#P##.5..###..####....#
..............#.4......## #.....#
.......#####....@..##### ##....#
.......# ##.#.....# #......
.......# ###.....# #....#
.......# #....## #....# ####P..#
##.### ###'## #P....## #..## #.##
.......# ###.P# ####..# ......##
#.#.## ##P##..# ......####
#....## #.......


You could see an ice devil and a friendly quasit.

Vanquished Creatures
  A hydra (Lair:1)
  Pikel (D:4)
  3 black mambas
  2 spiny frogs
  The ghost of Redear the Unseen, a novice FeMo of Dithmenos (D:8)
  A komodo dragon (D:8)
  A polar bear (Lair:2)
  2 hippogriffs
  Sigmund (D:4)
  2 orc warriors
  Duvessa (D:5)
  2 phantoms
  4 ogres
  2 centaurs
  A crocodile (Lair:2)
  3 bullfrogs
  Dowan (D:5)
  A scorpion (D:4)
  A centaur zombie (D:5)
  4 crimson imps
  A centaur skeleton (D:8)
  A jelly (D:8)
  5 orc wizards
  2 hounds
  Natasha (D:2)
  An iguana (D:4)
  6 worker ants
  A killer bee zombie (D:8)
  A worker ant zombie (D:7)
  6 gnolls
  11 adders
  A shadow imp (D:8)
  A worm (D:4)
  4 dart slugs
  A leopard gecko (D:2)
  14 orcs
  9 bats
  4 giant cockroaches
  5 goblins (D:2)
  4 hobgoblins
  5 jackals
  2 quokkas
  A ball python (D:1)
  8 frilled lizards
  9 kobolds
  4 rats
  A plant (D:8)
144 creatures vanquished.

Vanquished Creatures (collateral kills)
  An ogre (D:7)
  A bullfrog (D:6)
  An adder (D:4)
  2 orcs
  2 jackals (D:4)
7 creatures vanquished.

Vanquished Creatures (others)
  An orc (D:4)
  A frilled lizard (D:4)
  A plant (D:8)
3 creatures vanquished.

Grand Total: 154 creatures vanquished

Notes
Turn   | Place    | Note
-------+----------+-------------------------------------------
     0 | D:1      | Draugr the Demonspawn Enchanter began the quest for the Orb.
     0 | D:1      | Reached XP level 1. HP: 13/13 MP: 3/3
    40 | D:1      | Reached skill level 1 in Short Blades
   491 | D:1      | Gained mutation: You are partially covered in thin metallic scales. (AC +2) [demonic ancestry]
   491 | D:1      | Reached XP level 2. HP: 19/19 MP: 5/5
   625 | D:1      | Learned a level 2 spell: Ensorcelled Hibernation
  1372 | D:2      | Gained mutation: You have a pair of small horns on your head. [demonic ancestry]
  1372 | D:2      | Reached XP level 3. HP: 24/24 MP: 1/6
  1425 | D:2      | Learned a level 3 spell: Confuse
  1760 | D:2      | Noticed Natasha
  1882 | D:2      | Killed Natasha
  1882 | D:2      | Reached XP level 4. HP: 30/30 MP: 0/7
  1901 | D:2      | Found a glowing silver altar of Zin.
  2791 | D:3      | Reached XP level 5. HP: 35/35 MP: 8/8
  2804 | D:3      | Reached skill level 1 in Ice Magic
  3085 | D:3      | Found a burning altar of Makhleb.
  3326 | D:3      | Found a hide-covered altar of Uskayaw.
  3328 | D:3      | Found a hazy altar of Hepliaklqana.
  3331 | D:3      | Found a bloodstained altar of Trog.
  3474 | D:4      | Gained mutation: Your muscles are strong. (Str +2) [potion of mutation]
  3474 | D:4      | Gained mutation: You have a pair of horns on your head. [potion of mutation]
  3474 | D:4      | Gained mutation: Your spells are a little harder to cast, but a little more powerful. [potion of mutation]
  3484 | D:4      | Found Peustu's Gadget Shoppe.
  3487 | D:5      | Entered Level 5 of the Dungeon
  3575 | D:4      | Gained mutation: A weak demonic guardian rushes to your aid. [demonic ancestry]
  3575 | D:4      | Reached XP level 6. HP: 37/41 MP: 0/9
  3733 | D:4      | Got a jewelled ring mail
  3749 | D:4      | Identified the +2 ring mail of Viepes {MR+ Str+3 SInv} (You found it on level 4 of the Dungeon)
  3757 | D:4      | Noticed Sigmund
  3906 | D:4      | Reached skill level 1 in Armour
  4040 | D:4      | Noticed Pikel
  4040 | D:4      | Noticed a slave
  4040 | D:4      | Noticed a slave
  4040 | D:4      | Noticed a slave
  4040 | D:4      | Noticed a slave
  4078 | D:4      | Killed Pikel
  4078 | D:4      | Reached XP level 7. HP: 42/46 MP: 0/10
  4288 | D:4      | Killed Sigmund
  4288 | D:4      | Reached skill level 5 in Armour
  4808 | D:5      | Found a shadowy altar of Dithmenos.
  4869 | D:5      | Mutation became permanent: You have a pair of small horns on your head. [demonic ancestry]
  4869 | D:5      | Gained mutation: You have a pair of horns on your head. [demonic ancestry]
  4869 | D:5      | Reached XP level 8. HP: 52/52 MP: 7/11
  5223 | D:5      | Noticed Duvessa
  5250 | D:5      | Noticed Dowan
  5695 | D:5      | Killed Duvessa
  5708 | D:5      | Killed Dowan
  5908 | D:6      | Found a staircase to the Ecumenical Temple.
  5944 | Temple   | Entered the Ecumenical Temple
  6142 | Temple   | Became a worshipper of Sif Muna the Loreminder
  6337 | D:6      | Found a shimmering altar of Xom.
  7017 | D:7      | Reached * piety under Sif Muna
  7150 | D:7      | Reached skill level 5 in Spellcasting
  7298 | D:7      | Reached skill level 5 in Hexes
  7418 | D:7      | Noticed a hippogriff
  7431 | D:7      | Killed a hippogriff
  7431 | D:7      | Gained mutation: You are slightly more attuned to the shadows. [demonic ancestry]
  7431 | D:7      | Reached XP level 9. HP: 30/57 MP: 16/16
  7477 | D:7      | Noticed BrokenGlass's ghost (novice OpEE)
  7804 | D:8      | Found a stormy altar of Qazlal.
  7936 | D:8      | Noticed Redear's ghost (novice FeMo)
  8323 | D:8      | Reached skill level 1 in Shields
  8423 | D:8      | Found a staircase to the Lair.
  8424 | D:8      | Noticed a komodo dragon
  8845 | D:8      | Killed Redear's ghost
  8976 | D:8      | Killed a komodo dragon
  8992 | Lair:1   | Entered Level 1 of the Lair of Beasts
  9099 | Lair:1   | Noticed Harold
  9267 | Lair:1   | Noticed a black mamba
  9286 | Lair:1   | Killed a black mamba
  9286 | Lair:1   | Reached skill level 5 in Shields
  9351 | Lair:1   | Noticed a four-headed hydra
  9373 | Lair:1   | Killed a four-headed hydra
  9373 | Lair:1   | Gained mutation: You are mostly covered in thin metallic scales. (AC +3) [demonic ancestry]
  9373 | Lair:1   | Reached XP level 10. HP: 52/63 MP: 12/17
  9510 | Lair:1   | Noticed a black mamba
  9522 | Lair:1   | Killed a black mamba
  9620 | Lair:1   | Noticed a spiny frog
  9630 | Lair:1   | Killed a spiny frog
  9630 | Lair:1   | Reached skill level 5 in Short Blades
 10058 | Lair:2   | Noticed a spiny frog
 10067 | Lair:2   | Killed a spiny frog
 10333 | Lair:2   | Noticed a black mamba
 10339 | Lair:2   | Killed a black mamba
 10584 | Lair:2   | Found a frozen archway.
 10793 | Lair:2   | Noticed a five-headed hydra
 10820 | Lair:1   | Slain by an ice devil

Skill      XL: |  1  2  3  4  5  6  7  8  9 10 |
---------------+-------------------------------+-----
Short Blades   | 1 2 3 5 |  5.2
Hexes          | 4 5 7 |  7.0
Dodging        | 2 3 |  3.0
Stealth        | 3 4 |  4.4
Ice Magic      | 2 3 |  3.0
Armour         | 4 6 7 |  7.1
Spellcasting   | 5 |  5.0
Shields        | 5 |  5.5
Fighting       | 3 |  3.1

Action                   |  1- 3 |  4- 6 |  7- 9 | 10-12 || total
-------------------------+-------+-------+-------+-------++-------
Melee: Dagger            |   124 |   116 |   359 |    53 ||   652
       Headbutt          |     3 |    22 |    70 |    11 ||   106
 Cast: Corona            |     9 |     2 |     7 |       ||    18
       Ensorcelled Hiber |    16 |    17 |    25 |     4 ||    62
       Confuse           |       |     3 |    12 |     1 ||    16
Evoke: Wand              |       |       |     1 |     3 ||     4
  Use: Potion            |     1 |     3 |     2 |     1 ||     7
       Scroll            |       |     5 |    16 |     3 ||    24
 Stab: Sleeping          |    11 |    17 |    13 |     8 ||    49
       Distracted        |       |     1 |     3 |       ||     4
       Confused          |       |       |     4 |       ||     4
  Eat: Chunk             |     4 |     8 |    12 |     2 ||    26
       Ration            |       |       |     3 |       ||     3
Armor: Robe              |    36 |    15 |       |       ||    51
       Ring mail         |       |    10 |   171 |    18 ||   199
Dodge: Dodged            |    87 |    72 |   185 |    16 ||   360
Block: Buckler           |       |       |     1 |     9 ||    10
